 Dungeon Crawl Stone Soup version 0.30-a0-354-g6b83867211 (webtiles) character file.

Game seed: 14810169471526865748

526974 holysushi the Impregnable (level 26, -13/212 HPs)
             Began as a Meteoran Earth Elementalist on Nov 7, 2022.
             Was an Initiate of Gozag.
             Mangled by an Executioner (18 damage)
             ... summoned by Gloorx Vloq
             ... in Pandemonium on Nov 8, 2022.
             The game lasted 03:35:59 (23445 turns).

holysushi the Impregnable (MeEE)                   Turns: 23445, Time: 03:35:59

Health: -13/212    AC: 45    Str: 19    XL:     26   Next: 71%
Magic:  10/45      EV: 25    Int: 26    God:    Gozag
Gold:   8971       SH: 32    Dex: 29    Spells: 23/51 levels left

rFire   + + +      SeeInvis +    X - +3 rapier "Uliudgh" {drain, rF+ SInv}
rCold   + + +      Faith    .    Z - +8 tower shield {rC+}
rNeg    + . .      Spirit   .    I - +13 plate armour of Gravity {rC+ rN+ Will+ Regen+}
rPois   .          Reflect  .    (helmet restricted)
rElec   .          Harm     .    r - +1 cloak {rCorr}
rCorr   +          Rampage  .    A - +2 pair of gloves "Odwocar" {Regen+}
Will    +++++                    h - +3 pair of mountain boots {steadfast, rC+}
Stlth   ..........               H - amulet "Paedytiqu" {RegenMP Fragile Int+4 Dex+4}
HPRegen 2.15/turn                M - ring of Vegott {rF++ Will+ Int+4 Slay+4}
MPRegen 0.69/turn                D - ring of Kuisop {Wiz Dex+5 Stlth-}

@: very slightly contaminated, glowing, studying 2 skills
A: sense surroundings 3, otherworldly, glowing, explore regen, antennae 1, high
MP 1, strong 1, sturdy frame 1
}: 6/15 runes: decaying, serpentine, silver, abyssal, glowing, fiery
a: Renounce Religion, Potion Petition, Call Merchant, Bribe Branch


You were in Pandemonium.
You worshipped Gozag.
Gozag was greatly pleased with you.
You visited 8 branches of the dungeon, and saw 40 of its levels.
You visited Pandemonium 1 time, and saw 8 of its levels.
You visited the Abyss 1 time.
You also visited: Trove and Ice Cave.

You collected 16506 gold pieces.
You spent 2685 gold pieces at shops.
You paid 4850 gold pieces to Gozag.

Inventory:

Hand Weapons
 X - the +3 rapier "Uliudgh" (weapon) {drain, rF+ SInv}
   (You found it in an ice cave)

   A truly terrible weapon, it drains the life of any living foe it strikes.
   rF:        It protects you from fire.
   SInv:      It lets you see invisible.
Armour
 h - the +3 pair of mountain boots (worn) {steadfast, rC+}
   (You found it on level 5 of the Vaults)

   It prevents involuntary movement, except for blinking, teleportation, or
   banishment.
   rC:        It protects you from cold.
 r - a +1 cloak of preservation (worn)
 A - the +2 pair of gloves "Odwocar" (worn) {Regen+}
   (You bought it in a shop on level 1 of the Orcish Mines)

   Regen:     It increases your rate of health regeneration.
 I - the +13 plate armour of Gravity (worn) {rC+ rN+ Will+ Regen+}
   (You found it on level 8 of the Dungeon)

   rC:        It protects you from cold.
   rN:        It protects you from negative energy.
   Regen:     It increases your rate of health regeneration.
   Will:      It increases your willpower.
 R - a scarf of repulsion
 Y - the +9 ring mail "Yjackor" {rPois Str+2}
   (You found it in an ice cave)

   Str:       It affects your strength (+2).
   rPois:     It protects you from poison.
 Z - a +8 tower shield of cold resistance (worn)
Jewellery
 k - a +4 ring of protection
 p - a +6 ring of intelligence
 C - the ring "Negoropp" {Will+ Dex+4}
   (You bought it in a shop on level 2 of the Orcish Mines)

   [ring of willpower]

   Dex:       It affects your dexterity (+4).
   Will:      It increases your willpower.
 D - the ring of Kuisop (right hand) {Wiz Dex+5 Stlth-}
   (You found it in a treasure trove)

   [ring of wizardry]

   It improves your spell success rate.
   Dex:       It affects your dexterity (+5).
   Stlth:     It makes you less stealthy.
 H - the amulet "Paedytiqu" (around neck) {RegenMP Fragile Int+4 Dex+4}
   (You acquired it on level 10 of the Dungeon)

   [amulet of magic regeneration]

   It increases your rate of magic regeneration.
   Int:       It affects your intelligence (+4).
   Dex:       It affects your dexterity (+4).
   Fragile:   It will be destroyed if unequipped.
 K - the ring of Incredulity {rPois MP+9 Dex+3}
   (You bought it in a shop on level 14 of the Dungeon)

   [ring of magical power]

   Dex:       It affects your dexterity (+3).
   rPois:     It protects you from poison.
   MP:        It affects your magic capacity (+9).
 M - the ring of Vegott (left hand) {rF++ Will+ Int+4 Slay+4}
   (You found it on level 3 of the Elven Halls)

   [ring of slaying]

   Int:       It affects your intelligence (+4).
   Slay:      It affects your accuracy & damage with ranged weapons and melee
   (+4).
   rF:        It greatly protects you from fire.
   Will:      It increases your willpower.
Wands
 e - a wand of charming (12)
 v - a wand of polymorph (19)
 z - a wand of iceblast (12)
 F - a wand of mindburst (16)
 G - a wand of light (3)
 P - a wand of digging (10)
 S - a wand of flame (10)
Scrolls
 c - 8 scrolls of amnesia
 f - 5 scrolls of teleportation
 i - 5 scrolls of magic mapping
 n - 2 scrolls of poison
 w - 3 scrolls of fear
 x - a scroll of immolation
 N - 3 scrolls of silence
 Q - 2 scrolls of fog
 U - 3 scrolls of vulnerability
Potions
 b - 5 potions of magic
 d - 7 potions of curing
 g - 2 potions of attraction
 m - 9 potions of might
 q - 2 potions of cancellation
 s - a potion of ambrosia
 t - 5 potions of lignification
 B - 4 potions of resistance
 E - 5 potions of berserk rage
 J - 7 potions of brilliance
 T - 5 potions of flight
Miscellaneous
 l - a condenser vane
 y - a phantom mirror (inert)
 L - a tin of tremorstones (2/2)
 O - a box of beasts (inert)
 W - a phial of floods (inert)


   Skills:
 - Level 12.5 Fighting
 - Level 2.4 Short Blades
 - Level 23.7 Armour
 - Level 23.5 Dodging
 - Level 1.7 Stealth
 + Level 18.0 Shields
 - Level 13.2 Spellcasting
 - Level 15.0 Conjurations
 * Level 14.2 Summonings
 - Level 2.8 Necromancy
 - Level 1.9 Transmutations
 - Level 19.5 Earth Magic
 - Level 10.2 Evocations


You had 23 spell levels left.
You knew the following spells:

 Your Spells              Type           Power      Damage    Failure   Level
a - Sandblast             Erth           100%       2d20      0%          1
b - Passwall              Tmut/Erth      54%        N/A       1%          2
c - Stone Arrow           Conj/Erth      100%       3d13      1%          3
d - Animate Armour        Summ/Erth      100%       N/A       1%          4
e - Borgnjor's Vile Clut  Necr/Erth      33%        N/A       4%          5
f - Iron Shot             Conj/Erth      41%        9d8       1%          6
g - Spellforged Servitor  Conj/Summ      37%        N/A       30%         7

Your spell library contained the following spells:

 Spells                   Type           Power      Damage    Failure   Level
 Kiss of Death            Conj/Necr      100%       2d13      1%          1
 Magic Dart               Conj           100%       1d8       1%          1
 Shock                    Conj/Air       100%       1d9       1%          1
 Call Imp                 Summ           74%        N/A       1%          2
 Dazzling Flash           Conj/Hex       100%       N/A       1%          3
 Hailstorm                Conj/Ice       54%        3d12      1%          3
 Petrify                  Tmut/Erth      65%        N/A       1%          4
 Iskenderun's Battlesphe  Conj           76%        2d12      1%          5
 Necrotise                Necr           100%       1d9       4%          1
 Mephitic Cloud           Conj/Pois/Air  43%        N/A       6%          3
 Sublimation of Blood     Necr           31%        N/A       7%          2
 Summon Ice Beast         Ice/Summ       52%        N/A       9%          4
 Summon Lightning Spire   Summ/Air       52%        N/A       9%          4
 Irradiate                Conj/Tmut      28%        3d21      12%         5
 Cigotuvi's Dreadful Rot  Necr/Pois/Air  44%        N/A       16%         2
 Arcjolt                  Conj/Air       27%        1d37      19%         5
 Ensorcelled Hibernation  Hex/Ice        34%        N/A       22%         2
 Poisonous Vapours        Pois/Air       34%        N/A       22%         2
 Statue Form              Tmut/Erth      43%        N/A       26%         6
 Orb of Destruction       Conj           38%        9d11      26%         7
 Spider Form              Tmut/Pois      22%        N/A       28%         3
 Confusing Touch          Hex            17%        N/A       38%         3
 Frozen Ramparts          Ice            34%        1d6       38%         3
 Gell's Gravitas          Tloc           17%        N/A       38%         3
 Inner Flame              Hex/Fire       17%        N/A       38%         3
 Lesser Beckoning         Tloc           34%        N/A       38%         3
 Ozocubu's Armour         Ice            17%        N/A       38%         3
 Portal Projectile        Hex/Tloc       34%        N/A       38%         3
 Swiftness                Air            17%        N/A       38%         3
 Teleport Other           Tloc           17%        N/A       38%         3
 Tukima's Dance           Hex            17%        N/A       38%         3
 Vhi's Electric Charge    Tloc/Air       34%        N/A       38%         3
 Dispel Undead            Necr           31%        3d14      41%         4
 Freezing Cloud           Conj/Ice/Air   21%        6-21      45%         5
 Anguish                  Hex/Necr       12%        N/A       58%         4
 Ice Form                 Ice/Tmut       22%        N/A       65%         4
 Conjure Ball Lightning   Conj/Air       27%        3x3d9     67%         6
 Airstrike                Air            8%         2d(2-18)  78%         4
 Cause Fear               Hex            8%         N/A       78%         4
 Blade Hands              Tmut           13%        N/A       85%         5
 Alistair's Intoxication  Tmut/Pois      14%        N/A       92%         5
 Summon Horrible Things   Summ           37%        N/A       93%         8
 Haunt                    Necr/Summ      28%        N/A       97%         7
 Metabolic Englaciation   Hex/Ice        8%         N/A       98%         5
 Silence                  Hex/Air        8%         N/A       98%         5
 Death Channel            Necr           15%        N/A       99%         6
 Malign Gateway           Summ/Tloc      26%        N/A       99%         7
 Dispersal                Tloc           8%         N/A       100%        6
 Eringya's Noxious Bog    Tmut/Pois      11%        N/A       100%        6
 Dragon Form              Tmut           13%        N/A       100%        7
 Storm Form               Tmut/Air       11%        N/A       100%        7
 Discord                  Hex            8%         N/A       100%        8
 Maxwell's Capacitive Co  Air            8%         ∞         100%        8
 Dragon's Call            Summ           37%        N/A       100%        9
 Fire Storm               Conj/Fire      27%        8d7       100%        9
 Polar Vortex             Ice            8%         N/A       100%        9
 Simulacrum               Ice/Necr       Unusable   N/A       N/A         6

Dungeon Overview and Level Annotations

Branches:
Dungeon (15/15) Zot: 1184  Temple (0/1) D:5            Lair (5/5) D:10 Zot: 357
  Swamp (4/4) Lair:2 Zot: 283   Snake (4/4) Lair:3 Zot: 170   Slime (0/5) Lair:4
    Orc (2/2) D:12 Zot: 109     Elf (3/3) Orc:2 Zot: 586  Vaults (5/5) D:13 Zot: 219
  Crypt (0/3) Vaults:3     Depths (2/4) D:15 Zot: 326   IceCv (visited)

Altars:
Ashenzari
Dithmenos
Gozag
Hepliaklqana
Makhleb
Okawaru
Qazlal
Ru
Sif Muna
Vehumet
Xom
The Shining One

Shops:
D:3 =   D:6 !   D:14 =   Orc:1 [   Orc:2 =(!**   Snake:1 ((

Portals:
Hell: Depths:1
Abyss: Depths:2
Pandemonium: Orc:2 Depths:2

Annotations:
D:3 baller8008's ghost, amateur DrFE
Lair:4 1 transporter
Snake:2 exclusion: downstairs
Depths:2 Boris
Pan Gloorx Vloq


Innate Abilities, Weirdness & Mutations

You passively map a large area around you.
You are easily found by Zot.
You glow in the dark.
You regain HP and MP as you explore.
You have a pair of small antennae on your head.
You have an increased reservoir of magic. (+10% MP)
Your muscles are strong. (Str +4, Int/Dex -1)
Your movements are slightly less encumbered by armour. (ER -2)


Message History

Your Executioner gestures.
Your Executioner seems to speed up.
Casting: Iron Shot (mildly dangerous; 1% risk of failure)
Confirm with . or Enter, or press ? or * to list all spells.
Okay, then.
Casting: Iron Shot (mildly dangerous; 1% risk of failure)
Confirm with . or Enter, or press ? or * to list all spells.
You miscast Spellforged Servitor.
You are very lightly contaminated with residual magic.
You feel a strange surge of energy!!
* * * LOW HITPOINT WARNING * * *
Your Executioner hits the Executioner!!
Your Executioner hits the Executioner but does no damage.
Your Executioner hits the Executioner. The Executioner hits you.
* * * LOW HITPOINT WARNING * * *
You block the Executioner's attack. x3
The Executioner hits you but does no damage. x2
The Executioner hits your Executioner!
The Executioner closely misses your Executioner.
The Executioner hits your Executioner but does no damage.
Your Executioner barely misses the Executioner. x2
Your Executioner completely misses the Executioner.
The Executioner hits you!
* * * LOW HITPOINT WARNING * * *
You block the Executioner's attack.
The Executioner hits you but does no damage.
The Executioner hits you.
* * * LOW HITPOINT WARNING * * *
You block the Executioner's attack.
The Executioner hits you but does no damage. x3
The Executioner barely misses you.
Your centaur warrior skeleton barely misses the Executioner.
Your centaur warrior skeleton misses the Executioner.
Gloorx Vloq hits your Executioner!!
Your large abomination hits Gloorx Vloq!
Your Executioner hits the Executioner!!
Your Executioner hits the Executioner. x2
The Executioner hits you but does no damage. x3
The Executioner hits you!!
You die...
Your body crumbles into a pile of gold.

#.#.........................#..#
#..#.........................#.#
#.#....###################..#..#
#..#...# #####...#.# #.#....#
##...#..#..# #..#...#
###..#.#...#.# #.#....#
####......#..#..# ##..#...#
#####1Z...#.#.#...#.#
.#.#..#######...@11.......#..#..#
.#....#.'........1&.#.#.#.##..#.#
.....## #.......ZX........'..#..#
.....# #.......~~#.#.#.#.'...#.#
#....##.#.......~.........'..#..#
##....#}'.......~.~.#.#.#.##..#.#
#.#..#######...~.........#..#..#
#..#...# #####.....#.#.#...#.#
#.#....# ####......#..#..#


You could see Gloorx Vloq (unsilenced, waterlogged, ally target), 3
Executioners, a friendly Executioner (summoned, fast), a friendly large
abomination (summoned), a friendly centaur warrior skeleton (summoned) and a
friendly juggernaut skeleton (summoned).

Vanquished Creatures
  Cerebov (Pan)
  Mnoleg (Pan)
  An ancient lich (Vaults:4)
  the Lernaean hydra (Swamp:4)
  the Enchantress (Depths:1)
  A Hell Sentinel (Pan)
  A tentacled monstrosity (Pan)
  2 liches
  A tentacled starspawn (Abyss:3)
  A sphinx (Vaults:3)
  5 Executioners (Pan)
  2 tengu reavers (Vaults:4)
  7 nagarajas (Snake:4)
  2 frost giants
  The ghost of Maxmaps the Slicer, an adept DsMo of Cheibriados (Swamp:4)
  A fenstrider witch (Swamp:4)
  A deep elf sorcerer (Elf:2)
  A demonspawn warmonger (Pan)
  2 fire giants
  A cacodemon (Pan)
  Louise (Snake:3)
  2 curse skulls (Pan)
  2 iron dragons
  A balrug (Pan)
  8 vault wardens
  3 spriggan defenders (Depths:1)
  3 ironbound preservers
  2 war gargoyles
  10 very ugly things
  3 stone giants
  3 deep elf demonologists
  The ghost of TwistedFlax the Fighter, a journeyman GrFi of Trog (Orc:1)
  A deep elf annihilator (Vaults:5)
  3 ironbound thunderhulks
  A vampire knight (Depths:1)
  A deep elf death mage (Vaults:5)
  3 ettins
  A green death (Pan)
  A great orb of eyes (Vaults:4)
  2 deep elf high priests (Vaults:5)
  25 vault guards (Vaults:5)
  4 yaktaur captains
  A peacekeeper (Vaults:4)
  4 ghost crabs
  A rakshasa (Depths:1)
  3 demonspawn (Orc:2)
  A catoblepas (Lair:2)
  9 hydras
  4 ironbound frosthearts
  An ogre mage (Vaults:5)
  9 two-headed ogres
  Erica (D:10)
  2 alligators (Swamp:2)
  A merfolk avatar (Lair:5)
  A tengu warrior (D:12)
  6 anacondas
  5 centaur warriors
  3 dancing weapons
  2 boulder beetles
  A deep troll shaman (Depths:1)
  5 death yaks (Lair:5)
  2 thrashing horrors
  5 shock serpents
  3 hell hogs (Depths:1)
  3 deep troll earth magi
  13 naga warriors
  Urug (D:10)
  3 hell knights (Depths:1)
  3 orc high priests (Orc:2)
  5 soul eaters
  5 deep elf knights
  8 naga sharpshooters
  8 shadow wraiths (Pan)
  An iron troll (Vaults:5)
  2 goliath frogs
  2 wretched stars (Abyss:3)
  4 sixfirhies
  2 salamander mystics
  An orb spider (shapeshifter) (Vaults:5)
  4 swamp dragons
  3 sea snakes
  A flayed ghost (Vaults:5)
  11 deep trolls
  7 naga ritualists
  5 shadow demons (Pan)
  8 deep elf archers
  7 ironbound convokers
  3 spriggan druids
  6 large abominations (Pan)
  Pikel (D:5)
  3 lindwurms
  9 deep elf pyromancers
  4 bog bodies
  A necromancer (Depths:1)
  3 phantasmal warriors
  A golden dragon skeleton (Depths:1)
  6 mana vipers
  4 orc knights (Orc:2)
  A harpy (Lair:5)
  14 deep elf zephyrmancers
  9 ugly things
  3 cyclopes
  9 orc sorcerers
  2 will-o-the-wisps
  14 salamanders
  A manticore (Lair:5)
  3 nameless horrors
  7 elephants
  9 naga magi
  2 rust devils
  9 vault sentinels
  An eye of devastation (Pan)
  27 black mambas
  5 guardian serpents
  6 cane toads
  A torpor snail (Lair:5)
  2 ice statues (IceCv)
  2 orange demons (Pan)
  A hellion (Pan)
  3 unseen horrors
  2 smoke demons
  A naga skeleton (Pan)
  5 rime drakes
  3 efreet
  7 komodo dragons
  2 freezing wraiths
  8 yaktaurs
  A tormentor (Pan)
  7 trolls
  A wind drake (Lair:5)
  3 ice devils
  4 polar bears
  3 meliai (D:13)
  2 red devils (Orc:2)
  4 hornets
  2 harpy skeletons (Pan)
  15 blink frogs
  3 tyrant leeches
  17 slime creatures
  9 dream sheep
  An iron dragon simulacrum (Depths:1)
  2 small abominations (Abyss:3)
  2 flying skulls (Abyss:3)
  2 water elementals (Depths:2)
  5 spriggans
  20 yaks
  A hog (shapeshifter) (D:14)
  2 wyverns
  A shadow (Abyss:3)
  6 ynoxinuls
  3 basilisks
  4 wraiths
  A fire elemental (Depths:1)
  3 chaos spawn (Pan)
  4 steam dragons
  6 neqoxecs
  21 vampire mosquitoes
  12 swamp worms
  Edmund (D:6)
  28 nagas
  An acid dragon (D:13)
  4 wargs
  A glowing shapeshifter skeleton (Depths:1)
  9 water moccasins
  5 swamp drakes (Swamp:4)
  18 orc warriors
  A meliai simulacrum (D:14)
  4 sky beasts
  2 ice beasts
  6 ogres
  2 black bears
  A boggart (shapeshifter) (Vaults:4)
  8 boggarts
  6 centaurs
  25 wolves
  A phantom (D:5)
  A lemure (D:5)
  3 kobold brigands
  16 bullfrogs
  An earth elemental (Elf:1)
  4 gnoll sergeants
  A necrophage (D:5)
  8 wights (D:6)
  2 lindwurm simulacra (IceCv)
  6 killer bees (D:8)
  4 electric eels
  A quasit (Abyss:3)
  3 hounds
  A crimson imp (D:4)
  3 komodo dragon simulacra (IceCv)
  16 orc priests
  A gnoll bouda (D:10)
  An iguana (D:6)
  3 jellies
  Ijyb (D:3)
  11 orc wizards
  31 gnolls
  8 acid dragon simulacra (IceCv)
  12 adders
  A shadow imp (D:7)
  3 white imps
  8 steam dragon simulacra (IceCv)
  2 ufetubi
  3 worms (D:2)
  2 dart slugs
  62 orcs
  7 endoplasms
  3 giant cockroaches
  5 goblins
  7 hobgoblins
  2 jackals (D:2)
  4 quokkas
  12 ball pythons
  12 bats
  5 frilled lizards
  A goblin skeleton (D:4)
  A goblin zombie (D:4)
  3 hobgoblin zombies (D:4)
  31 kobolds
  3 kobold skeletons (D:4)
  2 kobold zombies (D:4)
  3 rats
  A lurking horror (Abyss:1)
1103 creatures vanquished.

Vanquished Creatures (collateral kills)
  Boris (Vaults:4)
  A golden dragon (Vaults:5)
  A profane servitor (Pan)
  A bone dragon (Abyss:3)
  2 Brimstone Fiends (Pan)
  A walking earthen tome (Depths:2)
  A Hell Sentinel (Pan)
  A tentacled monstrosity (Swamp:3)
  A lich (Vaults:5)
  A quicksilver dragon (Vaults:4)
  2 deep elf blademasters (Elf:3)
  2 sphinxes
  A tentacled starspawn (Abyss:3)
  3 storm dragons
  9 Executioners (Pan)
  3 shadow dragons (Vaults:4)
  3 tengu reavers
  4 nagarajas (Snake:4)
  A fire giant (D:15)
  6 frost giants
  3 deep elf sorcerers (Elf:3)
  Aizul (Snake:3)
  11 vault wardens
  7 balrugs (Pan)
  An iron dragon (Vaults:5)
  A deep elf elementalist (Elf:3)
  An orc warlord (Vaults:3)
  8 cacodemons (Pan)
  A demonspawn blood saint (Pan)
  3 reapers (Pan)
  A demonspawn corrupter (Pan)
  3 war gargoyles
  9 very ugly things
  9 ironbound preservers
  2 ironbound thunderhulks (Vaults:4)
  6 stone giants
  3 deep elf demonologists (Elf:3)
  2 eleionomae
  A white draconian (IceCv)
  A deep elf annihilator (Elf:3)
  2 demonspawn black suns (Pan)
  4 dire elephants
  5 bunyips
  3 deep elf death magi
  Snorg (D:14)
  2 blizzard demons
  3 ettins
  An entropy weaver (Vaults:4)
  2 great orbs of eyes (Vaults:4)
  3 yaktaur captains
  4 vault guards
  2 deep elf high priests (Elf:3)
  A rakshasa (Abyss:3)
  An ogre mage (Vaults:5)
  4 hydras
  A peacekeeper (Vaults:4)
  A spriggan air mage (Depths:1)
  A salamander tyrant (Snake:2)
  A ghost crab (Swamp:1)
  5 ironbound frosthearts
  2 boulder beetles
  2 naga warriors (Snake:4)
  A deep troll shaman (Depths:2)
  4 alligators
  A death knight (D:14)
  6 anacondas
  A dancing weapon (Elf:1)
  3 centaur warriors (Vaults:2)
  2 deep troll earth magi
  A tengu warrior (Depths:1)
  2 thrashing horrors (Abyss:3)
  6 naga sharpshooters
  14 sun demons
  4 deep elf knights
  A skeletal warrior (D:14)
  7 soul eaters
  3 iron trolls (Depths:1)
  A spatial maelstrom (Abyss:1)
  6 sixfirhies
  3 sea snakes (Snake:4)
  A shadow demon (Pan)
  14 deep trolls
  A sea snake (shapeshifter) (Depths:2)
  6 ironbound convokers
  An orc knight (Vaults:4)
  2 glowing orange brains
  A naga ritualist (Snake:3)
  9 swamp dragons
  2 lindwurms (Vaults:1)
  4 deep elf archers
  A spriggan druid (Swamp:4)
  A harpy (shapeshifter) (Vaults:5)
  2 deep elf zephyrmancers (Elf:3)
  2 phantasmal warriors
  A necromancer (Vaults:5)
  3 deep elf pyromancers
  2 mana vipers (Snake:2)
  11 ugly things
  A worldbinder (Abyss:3)
  2 salamanders
  8 black mambas
  5 smoke demons
  3 vault sentinels
  2 rust devils
  3 naga magi
  15 orange demons
  6 demonic crawlers (Pan)
  An ice devil (Depths:2)
  2 freezing wraiths
  3 hellwings (Pan)
  4 yaktaurs
  An efreet (Pan)
  2 ancient zymes
  A rime drake (IceCv)
  A tormentor (Pan)
  A tengu conjurer (Depths:1)
  4 hornets (Swamp:2)
  3 red devils (Pan)
  16 large abominations
  2 tyrant leeches (Swamp:1)
  7 slime creatures
  7 raiju
  3 spriggans (Swamp:2)
  A merfolk skeleton (Pan)
  3 water elementals (Depths:2)
  An air elemental (Elf:3)
  A chaos spawn (Abyss:3)
  2 wraiths
  4 ynoxinuls (Pan)
  15 neqoxecs
  A vampire mosquito (D:14)
  7 nagas
  2 spatial vortices (Abyss:3)
  A hell hound (Abyss:1)
  A swamp worm (Swamp:3)
  3 swamp drakes (Swamp:4)
  An ice beast (Abyss:1)
  3 wights (Abyss:1)
  A quasit (Abyss:3)
  An iron imp (Abyss:1)
  A small abomination (Abyss:3)
  2 ufetubi
  2 starspawn tentacles (Abyss:3)
456 creatures vanquished.

Vanquished Creatures (others)
  2 eldritch tentacles (Pan)
  5 deep elf sorcerers (Elf:3)
  A demonspawn blood saint (Pan)
  A war gargoyle (Vaults:4)
  2 deep elf demonologists (Elf:3)
  A deep elf annihilator (Elf:3)
  2 deep elf high priests
  2 deep elf death magi (Elf:3)
  An alligator (Swamp:4)
  An ogre mage (D:13)
  A sun demon (Pan)
  2 deep elf knights
  An ironbound convoker (Vaults:5)
  3 deep elf pyromancers (Elf:3)
  A guardian serpent (Snake:4)
  2 orange demons (Pan)
  A tengu conjurer (D:12)
  2 bloated husks
  2 water elementals
  An orc warrior (Vaults:5)
  An orc (Vaults:5)
  4 foxfires
  19 fungi
  3 lurking horrors (Abyss:3)
  44 plants
  19 starspawn tentacles (Abyss:3)
124 creatures vanquished.

Grand Total: 1683 creatures vanquished

Notes
Turn   | Place    | Note
-------+----------+-------------------------------------------
     0 | D:1      | holysushi the Meteoran Earth Elementalist began the quest
                  | for the Orb.
     0 | D:1      | Reached XP level 1. HP: 14/14 MP: 5/5
   116 | D:1      | Reached XP level 2. HP: 20/20 MP: 3/6
   167 | D:2      | Reached XP level 3. HP: 26/26 MP: 4/8
   362 | D:1      | Reached XP level 4. HP: 33/33 MP: 6/9
   438 | D:3      | Found a burning altar of Makhleb.
   687 | D:2      | Reached XP level 5. HP: 36/38 MP: 7/10
   749 | D:2      | Reached skill level 5 in Earth Magic
   752 | D:2      | Reached skill level 1 in Fighting
   822 | D:3      | Noticed Ijyb
   833 | D:2      | Reached XP level 6. HP: 47/47 MP: 5/11
   877 | D:2      | Reached skill level 1 in Shields
   931 | D:2      | Learned a level 2 spell: Passwall
   935 | D:2      | Learned a level 3 spell: Stone Arrow
  1028 | D:3      | Killed Ijyb
  1073 | D:3      | Found a faded altar of an unknown god.
  1115 | D:3      | Found a runed translucent gate.
  1116 | D:3      | Found a runed translucent gate.
  1116 | D:3      | Found an opulent altar of Gozag.
  1117 | D:3      | Found a runed translucent gate.
  1118 | D:3      | Noticed baller8008's ghost (amateur DrFE)
  1175 | D:3      | Reached XP level 7. HP: 55/55 MP: 8/12
  1185 | D:3      | Found Ahurovum's Jewellery Emporium.
  1220 | D:3      | Found an iron altar of Okawaru.
  1460 | D:3      | Became a worshipper of Gozag Ym Sagoz the Greedy
  1520 | D:4      | Found a hazy altar of Hepliaklqana.
  1748 | D:4      | Found a glowing golden altar of the Shining One.
  1858 | D:5      | Entered Level 5 of the Dungeon
  1933 | D:5      | Reached XP level 8. HP: 61/61 MP: 10/13
  1942 | D:6      | Found Oma Exuo's Distillery.
  1957 | D:6      | Bought a potion of degeneration for 13 gold pieces
  1957 | D:6      | Bought a potion of might for 52 gold pieces
  2109 | D:5      | Noticed Pikel
  2127 | D:5      | Killed Pikel
  2128 | D:5      | Reached skill level 10 in Earth Magic
  2128 | D:5      | Gained mutation: You passively map the area around you.
                  | [Meteoran growth]
  2128 | D:5      | Reached XP level 9. HP: 55/67 MP: 4/14
  2291 | D:5      | Found a staircase to the Ecumenical Temple.
  2609 | D:6      | Noticed Edmund
  2618 | D:6      | Killed Edmund
  2665 | D:6      | Reached XP level 10. HP: 68/73 MP: 7/15
  2743 | D:6      | Bought a potion of haste for 130 gold pieces
  2743 | D:6      | Bought a potion of heal wounds for 65 gold pieces
  2743 | D:6      | Bought a potion of haste for 130 gold pieces
  2743 | D:6      | Bought a potion of heal wounds for 65 gold pieces
  2743 | D:6      | Bought 2 potions of berserk rage for 130 gold pieces
  3040 | D:7      | Reached skill level 5 in Dodging
  3136 | D:8      | Found a broken altar of Ashenzari.
  3313 | D:7      | Noticed a two-headed ogre
  3321 | D:7      | Killed a two-headed ogre
  3685 | D:8      | Identified the +13 plate armour of Gravity {rC+ rN+ Will+
                  | Regen+}
  3733 | D:8      | Reached skill level 1 in Armour
  3735 | D:8      | Reached XP level 11. HP: 68/85 MP: 11/17
  3977 | D:10     | Entered Level 10 of the Dungeon
  3977 | D:10     | Noticed a two-headed ogre
  3983 | D:10     | Killed a two-headed ogre
  3984 | D:10     | Reached skill level 5 in Armour
  4038 | D:9      | Reached skill level 15 in Earth Magic
  4039 | D:9      | Reached skill level 5 in Spellcasting
  4236 | D:9      | Found a shadowy altar of Dithmenos.
  4363 | D:10     | Found a radiant altar of Vehumet.
  4447 | D:10     | Noticed a two-headed ogre
  4452 | D:10     | Killed a two-headed ogre
  4527 | D:10     | Noticed Erica
  4540 | D:10     | Killed Erica
  4559 | D:10     | Found a staircase to the Lair.
  4569 | D:10     | Noticed an elephant
  4582 | D:10     | Killed an elephant
  4583 | D:10     | Reached XP level 12. HP: 85/92 MP: 8/22
  4628 | D:10     | Identified a scroll of acquirement
  4630 | D:10     | Acquired the amulet "Paedytiqu" {RegenMP Fragile Int+4
                  | Dex+4}
  4663 | D:10     | Noticed Urug
  4673 | D:10     | Reached skill level 10 in Armour
  4677 | D:10     | Killed Urug
  4781 | Lair:1   | Entered Level 1 of the Lair of Beasts
  4905 | Lair:1   | Reached skill level 5 in Fighting
  5036 | Lair:1   | Identified the +3 leather armour of Proximity {rN+++ MP-9
                  | Str+4 Int-3}
  5125 | Lair:1   | Reached skill level 10 in Dodging
  5415 | Lair:2   | Noticed a catoblepas
  5441 | Lair:2   | Killed a catoblepas
  5442 | Lair:2   | Reached XP level 13. HP: 91/100 MP: 21/23
  5512 | Lair:2   | Found a staircase to the Swamp.
  5746 | Lair:3   | Noticed a boulder beetle
  5824 | Lair:3   | Killed a boulder beetle
  5825 | Lair:3   | Reached skill level 1 in Evocations
  5976 | Lair:3   | Reached skill level 5 in Evocations
  6165 | Lair:3   | Found a staircase to the Snake Pit.
  6201 | Lair:4   | Found a transporter.
  6299 | Lair:5   | Entered Level 5 of the Lair of Beasts
  6343 | Lair:5   | Noticed a five-headed hydra
  6350 | Lair:5   | Killed a five-headed hydra
  6351 | Lair:5   | Reached XP level 14. HP: 75/111 MP: 22/24
  6432 | Lair:5   | Paralysed by a hornet for 1 turns
  6634 | Lair:4   | Found a staircase to the Slime Pits.
  7151 | D:11     | Reached skill level 15 in Dodging
  7553 | D:13     | Found a portal to a secret trove of treasure.
  7635 | D:14     | Reached XP level 15. HP: 106/122 MP: 23/25
  7725 | D:13     | Found a gate to the Vaults.
  7789 | D:13     | Found a frozen archway.
  7824 | IceCv    | Entered an ice cave
  7952 | IceCv    | Identified the +3 rapier "Uliudgh" {drain, rF+ SInv}
  7961 | IceCv    | Identified the +9 ring mail "Yjackor" {rPois Str+2}
  8471 | D:12     | Identified the +2 robe "Dison" {rF- Will+ Int+5}
  8548 | D:12     | Reached skill level 5 in Shields
  8606 | D:12     | Found a staircase to the Orcish Mines.
  8752 | Orc:1    | Entered Level 1 of the Orcish Mines
  8789 | Orc:1    | Found Kolinogi's Armour Boutique.
  8799 | Orc:1    | Bought the +2 pair of gloves "Odwocar" {Regen+} for 215
                  | gold pieces
  8861 | Orc:1    | Found a runed translucent door.
  8862 | Orc:1    | Found a shimmering altar of Xom.
  8862 | Orc:1    | Noticed TwistedFlax's ghost (journeyman GrFi)
  8910 | Orc:2    | Entered Level 2 of the Orcish Mines
  8910 | Orc:2    | Found Wazeadag's Whimsical Warehouse.
  8960 | Orc:2    | Found a staircase to the Elven Halls.
  9137 | Orc:2    | Found Sixee's General Store.
  9141 | Orc:2    | Found Nakhlioku's Distillery.
  9196 | Orc:2    | Bought a potion of heal wounds for 90 gold pieces
  9198 | Orc:2    | Bought a potion of cancellation for 88 gold pieces
  9400 | Orc:2    | Reached skill level 10 in Shields
  9499 | Orc:2    | Found Voacusae's Antique Weapon Boutique.
  9499 | Orc:2    | Found a one-way gate leading to the halls of Pandemonium.
  9499 | Orc:2    | Found Tanit's Jewellery Shop.
  9504 | Orc:2    | Bought an ichor-stained dagger for 224 gold pieces
  9504 | Orc:2    | Identified the +7 dagger of Duefycyd {speed, Int+5} (You
                  | bought it in a shop on level 2 of the Orcish Mines)
  9508 | Orc:2    | Bought the ring "Negoropp" {Will+ Dex+4} for 525 gold
                  | pieces
  9585 | Orc:2    | Reached XP level 16. HP: 132/132 MP: 24/26
  9595 | Elf:1    | Entered Level 1 of the Elven Halls
 10054 | Elf:2    | Noticed a deep elf sorcerer
 10087 | Elf:2    | Killed a deep elf sorcerer
 10173 | Elf:3    | Entered Level 3 of the Elven Halls
 10261 | Elf:3    | Paralysed by an air elemental for 1 turns
 10290 | Elf:3    | Noticed a deep elf sorcerer
 10291 | Elf:3    | Noticed a deep elf sorcerer
 10292 | Elf:3    | Noticed a deep elf blademaster
 10295 | Elf:3    | Killed a deep elf blademaster
 10297 | Elf:3    | Noticed a Tzitzimitl
 10297 | Elf:3    | Noticed a deep elf sorcerer
 10297 | Elf:3    | Noticed a deep elf master archer
 10297 | Elf:3    | Noticed a deep elf sorcerer
 10297 | Elf:3    | Noticed a deep elf sorcerer
 10299 | Elf:3    | Killed a deep elf sorcerer
 10300 | Elf:3    | Killed a deep elf sorcerer
 10300 | Elf:3    | Noticed a deep elf sorcerer
 10303 | Elf:3    | Noticed a deep elf blademaster
 10304 | Elf:3    | Noticed a cacodemon
 10304 | Elf:3    | Killed a deep elf sorcerer
 10304 | Elf:3    | Killed a deep elf sorcerer
 10304 | Elf:3    | Noticed a deep elf master archer
 10306 | Elf:3    | Killed a deep elf sorcerer
 10307 | Elf:3    | Reached XP level 17. HP: 137/137 MP: 27/27
 10309 | Elf:3    | Killed a deep elf blademaster
 10336 | Elf:3    | Found the +10 Black Knight's barding {ponderous, rPois rN+}
 10337 | Elf:3    | Identified the +7 mace "Cinopp" {flame, Dex+4}
 10340 | Elf:3    | Got the Textbook on Captivating Grit
 10346 | Elf:3    | Learned a level 4 spell: Animate Armour
 10358 | Elf:3    | Identified the +5 dagger "Ogrebane" {flame, Str+2}
 10359 | Elf:3    | Identified the +4 mace of Aqemp {speed, +Blink rN+}
 10381 | Elf:3    | Learned a level 5 spell: Borgnjor's Vile Clutch
 10387 | Elf:3    | Got the Essays on Combat Magic
 10398 | Elf:3    | Identified the ring of Midwinter {rN+ MP+9}
 10414 | Elf:3    | Identified the ring of Vegott {rF++ Will+ Int+4 Slay+4}
 10449 | Elf:3    | Got the Precepts of the Brume
 10468 | Elf:3    | Identified the +1 swamp dragon scales "Baellagg" {rPois rC+
                  | Str+4}
 10471 | Elf:3    | Got the Collected Works on Mustering and the Dead
 10566 | Elf:2    | Reached skill level 15 in Armour
 10566 | Elf:2    | Reached skill level 1 in Summonings
 10761 | Orc:1    | Killed TwistedFlax's ghost
 10945 | Swamp:1  | Entered Level 1 of the Swamp
 11456 | Swamp:2  | Found a broken altar of Ashenzari.
 11590 | Swamp:4  | Entered Level 4 of the Swamp
 11609 | Swamp:4  | Noticed Maxmaps's ghost (adept DsMo)
 11631 | Swamp:3  | Reached skill level 5 in Summonings
 11660 | Swamp:4  | Noticed a tentacled monstrosity
 11676 | Swamp:3  | Killed a tentacled monstrosity
 11816 | Swamp:3  | Gained mutation: You passively map a large area around you.
                  | [Meteoran growth]
 11816 | Swamp:3  | Reached XP level 18. HP: 141/145 MP: 23/28
 11876 | Swamp:4  | Found a runed translucent door.
 11926 | Swamp:4  | Killed Maxmaps's ghost
 12044 | Swamp:4  | Reached skill level 15 in Shields
 12174 | Swamp:4  | Noticed the 27-headed Lernaean hydra
 12411 | Swamp:4  | Learned a level 6 spell: Iron Shot
 12610 | Swamp:4  | Killed the 27-headed Lernaean hydra
 12630 | Swamp:4  | Got a decaying rune of Zot
 12838 | Snake:1  | Entered Level 1 of the Snake Pit
 12847 | Snake:1  | Found Wizxac's Antique Weapon Shop.
 12855 | Snake:1  | Bought a brightly glowing hand axe for 208 gold pieces
 12855 | Snake:1  | Identified the +8 hand axe of Wufyop {protect, rF+++ Will+
                  | Dex-4} (You bought it in a shop on level 1 of the Snake
                  | Pit)
 12926 | Snake:1  | Reached skill level 1 in Conjurations
 12941 | Snake:1  | Found Itytime's Weapon Shoppe.
 12962 | Snake:1  | You fall into a shaft and drop 1 floor!
 13104 | Snake:2  | HP: 4/145 [shock serpent (13)]
 13310 | Snake:3  | Noticed Aizul
 13424 | Snake:3  | Noticed Louise
 13437 | Snake:3  | Killed Louise
 13438 | Snake:3  | Reached XP level 19. HP: 149/151 MP: 4/30
 13642 | Snake:4  | Entered Level 4 of the Snake Pit
 13746 | Snake:3  | Reached skill level 10 in Fighting
 13825 | Snake:3  | Killed Aizul
 13853 | Snake:3  | Found a sacrificial altar of Ru.
 13873 | Snake:2  | Found a shimmering blue altar of Sif Muna.
 13970 | Snake:4  | Identified the +2 ring mail of the Hot Ocelot {MP+9 Int+5
                  | Stlth-}
 14074 | Snake:4  | Reached skill level 5 in Conjurations
 14337 | Snake:4  | Reached XP level 20. HP: 163/163 MP: 21/33
 14370 | Snake:4  | Got a serpentine rune of Zot
 15210 | D:14     | Bought the ring of Incredulity {rPois MP+9 Dex+3} for 750
                  | gold pieces
 15304 | D:14     | Noticed Snorg
 15310 | D:14     | Killed Snorg
 15368 | D:15     | Entered Level 15 of the Dungeon
 15624 | D:13     | You paid a toll of 10 potions of heal wounds to enter a
                  | treasure trove
 15625 | Trove    | Entered a treasure trove
 15670 | Trove    | Identified the ring of Kuisop {Wiz Dex+5 Stlth-}
 15787 | D:13     | Reached XP level 21. HP: 170/170 MP: 35/35
 15811 | Vaults:1 | Entered Level 1 of the Vaults
 15836 | Vaults:1 | Reached skill level 10 in Spellcasting
 15961 | Vaults:1 | Reached skill level 1 in Necromancy
 16333 | Vaults:3 | Reached XP level 22. HP: 181/181 MP: 38/38
 16652 | Vaults:5 | Entered Level 5 of the Vaults
 16762 | Vaults:5 | Identified the +0 leather armour "Qeajonaosi" {Regen+ Str-2
                  | Int+3 SInv}
 17033 | Vaults:5 | Reached XP level 23. HP: 186/188 MP: 15/39
 17040 | Vaults:5 | Noticed an ancient lich
 17041 | Vaults:5 | Identified the ring "Fickarph" {+Blink rPois rF++}
 17373 | Vaults:4 | Killed an ancient lich
 17450 | Vaults:5 | Noticed Boris
 17478 | Vaults:4 | Killed Boris
 17701 | Vaults:5 | Identified the +8 chain mail of Hubris {rF- Str+5}
 17828 | Vaults:5 | Found the +3 pair of mountain boots {steadfast, rC+}
 17939 | Vaults:5 | Reached XP level 24. HP: 45/195 MP: 12/39
 17992 | Vaults:5 | Found the +7 lajatang of Order {silver, rMut}
 18007 | Vaults:5 | Identified the ring "Lufavos" {rPois Str-3 Slay+5}
 18010 | Vaults:5 | Identified the +5 spear "Befugat" {venom, SInv}
 18014 | Vaults:5 | Identified the ring of Rufocw {Fly rN+ Str+2}
 18065 | Vaults:5 | Noticed a golden dragon
 18075 | Vaults:5 | Killed a golden dragon
 18080 | Vaults:5 | Identified the +3 plate armour of Time Monsters {rPois
                  | Str-3 Int+4}
 18080 | Vaults:5 | Identified the +0 scale mail of the Elven Halls {Str+3}
 18087 | Vaults:5 | Got a silver rune of Zot
 18184 | Vaults:5 | Identified the amulet "Ygoasmer" {rF+ rC- Will+ Regen+
                  | Dex+3}
 18563 | D:15     | Found a staircase to the Depths.
 18598 | Depths:1 | Entered Level 1 of the Depths
 18723 | Depths:1 | Found a stormy altar of Qazlal.
 18783 | Depths:1 | Noticed the Enchantress
 18798 | Depths:1 | Killed the Enchantress
 18981 | Depths:1 | Found a gateway to Hell.
 19110 | Depths:2 | Noticed Boris
 19118 | Depths:1 | Reached skill level 10 in Evocations
 19274 | Depths:1 | Learned a level 7 spell: Spellforged Servitor
 19317 | Depths:2 | Found a one-way gate to the infinite horrors of the Abyss.
 19332 | Depths:2 | Voluntarily entered the Abyss.
 19489 | Abyss:1  | Reached XP level 25. HP: 204/204 MP: 41/41
 19666 | Abyss:1  | Found a viscous altar of Jiyva.
 19735 | Abyss:2  | Found a corrupted altar of Lugonu.
 19782 | Abyss:3  | Found a corrupted altar of Lugonu.
 20217 | Abyss:3  | Reached skill level 10 in Conjurations
 20357 | Abyss:3  | Found a corrupted altar of Lugonu.
 20421 | Abyss:3  | Got an abyssal rune of Zot
 20433 | Abyss:3  | Found a corrupted altar of Lugonu.
 20437 | Abyss:4  | Found a corrupted altar of Lugonu.
 20449 | Depths:2 | Escaped the Abyss
 20547 | Pan      | Entered Pandemonium
 20590 | Pan      | Entered the realm of Cerebov.
 20747 | Pan      | Identified the +3 eveningstar of the Insatiable Mice
                  | {drain, rElec Will+}
 20872 | Pan      | Found the +6 sword of Cerebov {flame}
 20872 | Pan      | Noticed Cerebov
 20890 | Pan      | Killed Cerebov
 20910 | Pan      | Got a fiery rune of Zot
 21006 | Pan      | Got the Opusculum on Ruinous Air
 21063 | Pan      | Identified the ring of Royalty {rF+ rN+++ rCorr Str-3
                  | Dex-5}
 21068 | Pan      | Identified the +7 crystal plate armour of the Grue {Harm
                  | rN+ Dex-2}
 21092 | Pan      | Identified the -1 pair of boots "Ukhiruant" {rF+}
 21155 | Pan      | Gained mutation: You are vulnerable to heat. (rF-) [a
                  | cacodemon]
 21157 | Pan      | Found a runed translucent door.
 21163 | Pan      | Gained mutation: Your spells are a little easier to cast,
                  | but a little less powerful. [a cacodemon]
 21168 | Pan      | Gained mutation: You sometimes lose your temper in combat.
                  | [a cacodemon]
 21421 | Pan      | Noticed Acomn the pandemonium lord
 21432 | Pan      | Identified the +9 hand axe "Loaf" {antimagic, rElec Int+2
                  | SInv}
 21443 | Pan      | Noticed Vaoss the pandemonium lord
 21669 | Pan      | Entered the realm of Mnoleg.
 21750 | Pan      | Gained mutation: You are occasionally teleported next to
                  | monsters. [a neqoxec]
 21752 | Pan      | Lost mutation: You are vulnerable to heat. (rF-) [potion of
                  | mutation]
 21752 | Pan      | Lost mutation: Your spells are a little easier to cast, but
                  | a little less powerful. [potion of mutation]
 21752 | Pan      | Lost mutation: You sometimes lose your temper in combat.
                  | [potion of mutation]
 21752 | Pan      | Gained mutation: You have supernaturally acute eyesight.
                  | (SInv) [potion of mutation]
 21765 | Pan      | Gained mutation: Your magical capacity is low. (-10% MP) [a
                  | neqoxec]
 21802 | Pan      | Reached skill level 10 in Summonings
 21850 | Pan      | Gained mutation: You have hidden genetic defects. [a
                  | neqoxec]
 21853 | Pan      | Gained mutation: You are often teleported next to monsters.
                  | [a neqoxec]
 21858 | Pan      | Lost mutation: You have supernaturally acute eyesight.
                  | (SInv) [potion of mutation]
 21858 | Pan      | Lost mutation: Your magical capacity is low. (-10% MP)
                  | [potion of mutation]
 21858 | Pan      | Lost mutation: You have hidden genetic defects. [potion of
                  | mutation]
 21858 | Pan      | Gained mutation: You are vulnerable to heat. (rF-) [potion
                  | of mutation]
 21858 | Pan      | Gained mutation: You have a pair of small antennae on your
                  | head. [potion of mutation]
 21864 | Pan      | Reached XP level 26. HP: 76/212 MP: 33/41
 21971 | Pan      | Noticed Mnoleg
 21988 | Pan      | Found an exit through the horrors of the Abyss.
 21990 | Pan      | Gained mutation: You are frail. (-10% HP) [a neqoxec]
 22029 | Pan      | Gained mutation: Your spells are a little harder to cast,
                  | but a little more powerful. [a cacodemon]
 22206 | Pan      | Gained mutation: You sometimes lose your temper in combat.
                  | [a shining eye]
 22261 | Pan      | Killed Mnoleg
 22344 | Pan      | Gained mutation: You are dopey. (Int -2) [a cacodemon]
 22345 | Pan      | Gained mutation: You are vulnerable to cold. (rC-) [a
                  | neqoxec]
 22426 | Pan      | Got a glowing rune of Zot
 22506 | Pan      | Reached skill level 15 in Conjurations
 22627 | Pan      | Entered the realm of Gloorx Vloq.
 22670 | Pan      | Lost mutation: You sometimes lose your temper in combat.
                  | [potion of mutation]
 22670 | Pan      | Lost mutation: You are frail. (-10% HP) [potion of
                  | mutation]
 22670 | Pan      | Lost mutation: You are often teleported next to monsters.
                  | [potion of mutation]
 22670 | Pan      | Gained mutation: You have large cloven feet. [potion of
                  | mutation]
 22670 | Pan      | Gained mutation: Your muscles are strong. (Str +4, Int/Dex
                  | -1) [potion of mutation]
 22671 | Pan      | Lost mutation: You are dopey. (Int -2) [potion of mutation]
 22671 | Pan      | Lost mutation: You have large cloven feet. [potion of
                  | mutation]
 22672 | Pan      | Lost mutation: Your spells are a little harder to cast, but
                  | a little more powerful. [potion of mutation]
 22672 | Pan      | Lost mutation: You are vulnerable to heat. (rF-) [potion of
                  | mutation]
 22672 | Pan      | Gained mutation: You have an increased reservoir of magic.
                  | (+10% MP) [potion of mutation]
 23003 | Pan      | Reached skill level 1 in Short Blades
 23036 | Pan      | Noticed Gloorx Vloq
 23063 | Pan      | Lost mutation: You are vulnerable to cold. (rC-) [potion of
                  | mutation]
 23063 | Pan      | Lost mutation: You are occasionally teleported next to
                  | monsters. [potion of mutation]
 23063 | Pan      | Gained mutation: Your movements are slightly less
                  | encumbered by armour. (ER -2) [potion of mutation]
 23445 | Pan      | HP: 10/212 [Executioner[Gloorx Vloq] (12)]
 23445 | Pan      | Mangled by an Executioner

Illustrated notes

Levels and vault maps discovered:
D:1:      dpeg_arrival_stone_temple_mockup, layout_basic,
          palyth_stone_intersect, serial_bayou_pond_e
D:2:      layout_basic
D:3:      layout_rooms, okawaru_trees_1, bloody_makhleb, ebering_ghost_gozag,
          serial_shops, nicolae_shop_behind_doors,
          nicolae_ecumenical_snake_handling, uniq_ijyb
D:4:      layout_loops_ring, nicolae_hepliaklqana_hazy_memory,
          nicolae_tso_besieged_by_evil, serial_bayou, serial_bayou_crossing,
          serial_bayou_lake_a, serial_bayou_shore_a, serial_bayou_pond_a
D:5:      layout_basic, minmay_temple_entry_poolview, uniq_pikel
D:6:      layout_cave_pods, serial_shops,
          nicolae_shop_temple_entry_statues_fountains,
          dreamdust_princess_corridor, kennysheep_diamond, uniq_edmund
D:7:      layout_basic
D:8:      layout_basic, evilmike_ruin_ashenzari, roderic_batcave,
          kennysheep_generic_room_15
D:9:      layout_basic, mainiacjoe_overflow_swirl
D:10:     layout_roguey, mainiacjoe_overflow_cross_hatched, david_lair_generic,
          uniq_erica, uniq_urug
D:11:     layout_layer_cave
D:12:     layout_stronghold, hiddenorc2_lemuel, hangedman_decor_push,
          minivault_10
D:13:     layout_long_grid, david_vaults_2, portal_ice_cave_demonic_guard,
          trove_entry_hex_spiral
D:14:     layout_irregular_city, uniq_snorg
D:15:     grunt_enter_depths_giant_problem, layout_rooms, serial_park_gazebo
          [serial_park_minivault_5x5_5], uniq_jorgrun
Lair:1:   layout_regular_city, chequers_serial_rivers_room_a
Lair:2:   layout_gridlike, skrybe_swamp_entry_bodies, serial_bayou_pond_a,
          grunt_forest_large_clearings
Lair:3:   layout_concentric_octagons, minmay_snake_entry_guardpost_medium,
          hibernation_bobbens, infiniplex_staircase_pool
Lair:4:   gammafunk_cloud_chamber, layout_cave_pods, slime_entry_1
Lair:5:   gammafunk_lair_ancient_temple, layout_cave_pods
Swamp:1:  layout_basic_swamp, nicolae_swamp_ascending_descending
Swamp:2:  layout_basic_swamp, lemuel_altar_in_water, uniq_roxanne
Swamp:3:  layout_basic_swamp, serial_swamp_ruin, evilmike_swamp_ruin_house_3,
          evilmike_swamp_ruin_rubble_2, evilmike_swamp_ruin_house_2,
          infiniplex_staircase_pool_2
Swamp:4:  swamp_old_school, layout_basic_swamp, hellmonk_ghost_happy_afterlife
Snake:1:  layout_grid_maze, serial_shops, shop, shop, shop,
          nicolae_shop_hallway_plus, nicolae_integral_box
Snake:2:  layout_rooms, basic_altar, grunt_megastairs_1, minmay_shop_star
Snake:3:  layout_cave_shapes, basic_altar, uniq_louise, uniq_aizul
Snake:4:  grunt_snake_rune_pools, layout_onion_interference, special_room,
          nicolae_snake_scaly_snakehead
Orc:1:    layout_caves, ebering_ghost_xom, serial_shops, nicolae_shop_crystal
Orc:2:    pf_orc_diabolical, layout_diamond_mine, nicolae_alphabet_shops
Elf:1:    elf_arrival_001, layout_loops_corners, gammafunk_ghost_ooze,
          hangedman_elven_crosses_minicolossus, hangedman_elf_disciples
Elf:2:    elven_hall_of_blades_hangedman_original [nicolae_blade_little_rooms],
          layout_geoelf_diagonals
Elf:3:    minmay_elf_hall_not_hex, layout_gridlike, serial_shops, shop,
          nicolae_elf_m_pinch, grunt_ministairs_15, grunt_megastairs_5
Vaults:1: v_rooms_2, nicolae_vaults_stairing_the_circle, v_pattern_2,
          vaults_dpeg_ring, vaults_room_semicircle, vaults_dpeg_hooks,
          v_misc_14, layout_vaults_big_room
Vaults:2: v_rooms_3, ontoclasm_vaults_misaligned, v_rooms_1,
          nicolae_vaults_little_squares_3, hangedman_vaults_snaps,
          hangedman_vaults_river_flow, layout_vaults_quadrants, serial_shops,
          shop
Vaults:3: ontoclasm_vaults_loading_screen, v_misc_4, vaults_mumra_chevron_long,
          nicolae_vaults_big_angled_halls, hangedman_vaults_variations,
          nicolae_vaults_little_squares_3, nicolae_vaults_little_squares_3,
          st_star, nicolae_vaults_specimen_jars, minmay_crypt_entry_necro_gods,
          nicolae_vaults_three_branches, hangedman_vaults_maws,
          layout_vaults_maze_snakey
Vaults:4: ontoclasm_vaults_pinch, vaults_room_door_ring, ontoclasm_vaults_fault,
          ontoclasm_vaults_chip, ontoclasm_vaults_gateway, v_misc_13, v_misc_8,
          vaults_room_corners, dpeg_vaults_pockets_of_resistance,
          vaults_room_hallway, v_pattern_4, v_misc_24,
          nicolae_vaults_circle_grid_b, grunt_vaults_focal,
          vaults_mumra_chevron, v_misc_30, layout_vaults_omnibox
Vaults:5: serial_shops, uniq_boris
Depths:1: layout_basic, nicolae_eternal_life, hellmouth_3,
          ploomutoo_gammafunk_ghost_potion_laboratory, interstate_on_off,
          grunt_qazlal_sundering, uniq_enchantress
Depths:2: evilmike_diamond_2, layout_cave_pools, abyss_entry_small_statue_room,
          gammafunk_ghost_cemetery, minmay_misc_feat_secret_circle, hell_entry,
          grunt_pan_entry_sceptre, uniq_asterion
Pan:      evilmike_mini_pan_pillars_b, layout_stronghold, cerebov, layout_rooms,
          rand_demon_9, layout_chambers, uniq_mennas_pan, rand_demon_6,
          layout_irregular_city, pan_blood_fountain_small, rand_demon_8,
          layout_gridlike, pan_blood_fountain_small, pan_surprise, mnoleg_st,
          layout_gridlike, rand_demon_3, layout_long_grid,
          evilmike_gloorx_vloq_box, layout_basic

Skill      XL: |  1  2  3  4  5  6  7  8  9 10 11 12 13 14 15 16 17 18 19 20 21 22 23 24 25 26 |
---------------+-------------------------------------------------------------------------------+-----
Spellcasting   | 3 6 7 8 9 11 13 | 13.2
Earth Magic    | 4 5 6 7 10 13 14 15 17 18 19 | 19.5
Dodging        | 3 4 7 11 14 15 16 17 23 | 23.5
Fighting       | 1 2 4 5 6 9 10 11 12 | 12.5
Shields        | 1 3 10 13 14 16 17 18 | 18.0
Armour         | 1 9 12 14 15 16 17 18 22 23 | 23.7
Evocations     | 7 8 10 | 10.2
Summonings     | 5 7 10 14 | 14.2
Conjurations   | 3 6 7 8 14 15 | 15.0
Necromancy     | 2 |  2.8
Short Blades   | 2 |  2.4
Stealth        | |  1.7
Transmutations | |  1.9

Action                   |  1- 3 |  4- 6 |  7- 9 | 10-12 | 13-15 | 16-18 | 19-21 | 22-24 | 25-27 || total
-------------------------+-------+-------+-------+-------+-------+-------+-------+-------+-------++-------
Melee: Unarmed           |       |     3 |     5 |       |       |       |       |       |       ||     8
       Short sword       |       |       |       |     9 |       |       |       |       |       ||     9
       Rapier            |       |       |       |       |     4 |    12 |    20 |   113 |   153 ||   302
 Cast: Sandblast         |    39 |    99 |   179 |   337 |  1032 |   646 |   541 |   301 |    42 ||  3216
       Passwall          |       |       |     1 |    20 |     4 |       |    21 |     4 |     8 ||    58
       Stone Arrow       |       |       |       |       |     2 |    56 |    28 |   118 |    31 ||   235
       Animate Armour    |       |       |       |       |       |    79 |    47 |   121 |   146 ||   393
       Borgnjor's Vile C |       |       |       |       |       |     7 |    50 |    70 |    47 ||   174
       Iron Shot         |       |       |       |       |       |       |       |       |   132 ||   132
       Spellforged Servi |       |       |       |       |       |       |       |       |     2 ||     2
Invok: Potion Petition   |       |       |       |       |       |     2 |       |     1 |       ||     3
       Bribe Branch      |       |       |       |       |       |     1 |       |       |       ||     1
       Call Merchant     |       |       |       |       |       |       |     1 |       |       ||     1
Evoke: Box of beasts     |       |       |       |       |     3 |     5 |     1 |     1 |     3 ||    13
       Wand              |       |       |       |       |     1 |    20 |     2 |     1 |     2 ||    26
       Phial of floods   |       |       |       |       |     1 |     1 |     1 |       |     2 ||     5
       Phantom mirror    |       |       |       |       |       |     1 |       |       |     2 ||     3
       Condenser vane    |       |       |       |       |       |       |       |       |     1 ||     1
  Use: Scroll            |       |     3 |    13 |     9 |    15 |     7 |       |    13 |    11 ||    71
       Potion            |       |     1 |       |       |     4 |     8 |     1 |     8 |    23 ||    45
 Stab: Distracted        |       |       |       |       |       |     1 |     2 |     3 |     2 ||     8
Armor: Robe              |     6 |    13 |    49 |    20 |       |       |       |       |       ||    88
       Plate armour      |       |       |       |   169 |   709 |   232 |   120 |   315 |   593 ||  2138
       Ring mail         |       |       |       |       |       |   236 |    94 |       |       ||   330
Dodge: Dodged            |     9 |    52 |   110 |   137 |   562 |   542 |   394 |   288 |   670 ||  2764
Block: Buckler           |       |     7 |    35 |    72 |   185 |       |       |       |       ||   299
       Tower shield      |       |       |       |       |   437 |  1267 |  1193 |  1207 |  1944 ||  6048

Table legend: (Time is in decaauts)
 A = Elapsed time spent in this place.
 B = Non-inter-level travel time spent in this place.
 C = Inter-level travel time spent in this place.
 D = Time resting spent in this place.
 E = Time spent auto-exploring this place.
 F = Levels seen in this place.
 G = Mean time per level.
                   A        B        C        D        E       F      G
               +--------+--------+--------+--------+--------+-----+--------+
         Total |  25357 |  24602 |    755 |     75 |      0 |  54 |  469.6 |
       Dungeon |   7815 |   7536 |    279 |     50 |      0 |  15 |  521.0 |
          Lair |   2642 |   2380 |    262 |      0 |      0 |   5 |  528.4 |
         Swamp |   2116 |   2026 |     90 |      0 |      0 |   4 |  529.0 |
     Snake Pit |   2229 |   2187 |     42 |      0 |      0 |   4 |  557.2 |
  Orcish Mines |   1090 |   1068 |     22 |      3 |      0 |   2 |  545.0 |
   Elven Halls |   1213 |   1173 |     40 |      0 |      0 |   3 |  404.3 |
        Vaults |   2780 |   2761 |     19 |      2 |      0 |   5 |  556.0 |
        Depths |    873 |    873 |      0 |      0 |      0 |   2 |  436.5 |
         Abyss |   1129 |   1129 |      0 |      0 |      0 |   4 |  282.2 |
   Pandemonium |   2933 |   2933 |      0 |     20 |      0 |   8 |  366.6 |
         Trove |     99 |     99 |      0 |      0 |      0 |   1 |   99.0 |
      Ice Cave |    432 |    432 |      0 |      0 |      0 |   1 |  432.0 |
               +--------+--------+--------+--------+--------+-----+--------+

Top non-repeatable levels by time:
Vaults:4: 1110 daAuts
 Swamp:4: 1017 daAuts
 Snake:4: 974 daAuts
    D:13: 922 daAuts
Vaults:5: 815 daAuts
   Orc:2: 813 daAuts
Depths:1: 680 daAuts
 Abyss:3: 652 daAuts
  Lair:1: 635 daAuts
     D:6: 634 daAuts
    D:10: 609 daAuts
  Lair:2: 606 daAuts
    D:12: 598 daAuts
     D:3: 586 daAuts
  Lair:5: 563 daAuts
